 Dungeon Crawl Stone Soup version 0.19-b1-4-gd8a0a2a (webtiles) character file.

196 Inkary the Chopper (level 5, -3/38 HPs)
             Began as a Demonspawn Gladiator on Oct 31, 2016.
             Slain by a scorpion (8 damage)
             ... on level 4 of the Dungeon.
             The game lasted 00:05:22 (1836 turns).

Inkary the Chopper (Demonspawn Gladiator)           Turns: 1836, Time: 00:05:24

Health: -3/38      AC:  6    Str: 17    XL:     5   Next: 45%
Magic:  5/5        EV: 13    Int:  9    God:
Gold:   172        SH:  0    Dex: 13    Spells: 0 memorised, 4 levels left

rFire  . . .     SeeInvis .     a - +0 war axe
rCold  . . .     Gourm    .     i - +0 ring mail
rNeg   . . .     Faith    .     (no shield)
rPois  .         Spirit   .     c - +0 helmet
rElec  .         Reflect  .     (no cloak)
rCorr  .         Harm     .     (no gloves)
MR     .....                    (no boots)
Stlth  +.........               (no amulet)
                                (no ring)
                                (no ring)

@: no status effects
A: repulsion field 1, powered by death 2
a: no special abilities


You were on level 4 of the Dungeon.
You were hungry.

You visited 1 branch of the dungeon, and saw 4 of its levels.

You collected 172 gold pieces.

Inventory:

Hand Weapons
 a - a +0 war axe (weapon)
Missiles
 d - 3 throwing nets (quivered)
Armour
 c - a +0 helmet (worn)
 i - a +0 ring mail (worn)
Wands
 m - a wand of iceblast (6/15)
Scrolls
 b - a scroll of noise {unknown}
 g - 4 scrolls of amnesia {unknown}
 h - 4 scrolls of remove curse {unknown}
 k - 4 scrolls of identify {unknown}
 n - a scroll of enchant armour {unknown}
 p - 4 scrolls of random uselessness {unknown}
 r - 2 scrolls of teleportation {unknown}
 s - a scroll of fog {unknown}
 v - 2 scrolls of magic mapping {unknown}
Potions
 e - a potion of degeneration {unknown}
 j - a potion of resistance {unknown}
 l - a potion of magic
 o - a potion of heal wounds {unknown}
 u - a potion of lignification {unknown}
Comestibles
 f - 3 bread rations
 q - 2 slices of pizza
 w - a beef jerky
 x - 4 chunks of flesh


   Skills:
 - Level 2.0 Fighting
 * Level 4.8 Axes
 - Level 1.7 Throwing
 + Level 2.6 Armour
 - Level 2.6 Dodging


You had 4 spell levels left.
You didn't know any spells.

Dungeon Overview and Level Annotations

Branches:
Dungeon (4/15)
 Temple: D:4-7

Altars:
Okawaru


Innate Abilities, Weirdness & Mutations

You are surrounded by a mild repulsion field. (EV +2)
You regenerate health from kills.


Message History

You hit the scorpion.
The scorpion is almost dead.
You hit the hound. The hound bites you.
* * * LOW HITPOINT WARNING * * *
The scorpion misses you. The hound barely misses you.
You closely miss the scorpion.
The scorpion is almost dead.
You closely miss the hound. The hound closely misses you.
The scorpion closely misses you. The hound barely misses you.
You barely miss the scorpion.
The scorpion is almost dead.
You closely miss the hound.
The scorpion stings you but does no damage.
The hound completely misses you. The scorpion stings you.
* * * LOW HITPOINT WARNING * * *
The hound bites you but does no damage.
You hit the scorpion but do no damage.
The scorpion is almost dead.
You hit the hound. The hound barely misses you. The scorpion stings you!
You die...

.. ..# #. ..#
#. ..# ##.#..#
# #....$# #
..#.#.....#.###
...!...s.......
#..@h.# #..####
#.... ....###
..# .


You could see a scorpion and a hound.

Vanquished Creatures
  An orc priest (D:3)
  Jessica (D:3)
  6 adders
  An ooze (D:3)
  A worm (D:2)
  4 dart slugs
  A leopard gecko (D:3)
  4 orcs (D:3)
  4 giant cockroaches
  7 goblins
  7 hobgoblins
  6 jackals
  7 kobolds
  A quokka (D:3)
  3 ball pythons
  10 bats
  3 frilled lizards
  2 rats (D:2)
69 creatures vanquished.

Notes
Turn   | Place    | Note
-------+----------+-------------------------------------------
     0 | D:1      | Inkary the Demonspawn Gladiator began the quest for the Orb.
     0 | D:1      | Reached XP level 1. HP: 16/16 MP: 1/1
   142 | D:1      | Reached skill level 3 in Axes
   182 | D:1      | Gained mutation: You regenerate a little health from kills. [demonic ancestry]
   182 | D:1      | Reached XP level 2. HP: 12/22 MP: 2/2
   211 | D:1      | Reached skill level 1 in Armour
   732 | D:2      | Reached XP level 3. HP: 21/27 MP: 3/3
   949 | D:2      | Gained mutation: You are surrounded by a mild repulsion field. (EV +2) [demonic ancestry]
   949 | D:2      | Reached XP level 4. HP: 31/33 MP: 4/4
  1138 | D:2      | Reached skill level 4 in Axes
  1390 | D:3      | Noticed Jessica
  1401 | D:3      | Killed Jessica
  1461 | D:3      | Found an iron altar of Okawaru.
  1503 | D:3      | Gained mutation: You regenerate health from kills. [demonic ancestry]
  1503 | D:3      | Reached XP level 5. HP: 36/38 MP: 5/5
  1830 | D:4      | HP: 1/38 [poisoned by a scorpion]
  1836 | D:4      | Slain by a scorpion

Skill      XL: |  1  2  3  4 |
---------------+-------------+-----
Axes           | 3 4 |  4.8
Armour         | 1 2 |  2.6
Fighting       | |  2.0
Throwing       | |  1.7
Dodging        | |  2.6

Action                   |  1- 3 |  4- 6 || total
-------------------------+-------+-------++-------
Melee: War axe           |   101 |   132 ||   233
  Use: Potion            |       |     2 ||     2
  Eat: Chunk             |       |     3 ||     3
Armor: Leather armour    |    21 |       ||    21
       Ring mail         |    43 |    58 ||   101
Dodge: Dodged            |    97 |   113 ||   210
